AoeStats
← MooseMooch

Arabia

508824863Analyzed
1v1 RM · 9d ago on Sep 24, 2026· 48m 18s· 2 players
Game mode
Random Map
Map size
Tiny (2 player)
Population
200
Speed
Normal
Resources
Standard
Victory
Conquest
Starting age
Dark Age
Ending age
Imperial Age
RankedLock teamsTeams togetherTeam positionsShared explorationLock speedFull tech treeHidden civsTurbo modeCheats
Victory
Defeat
🇩🇪 Portuguese · Germany
1196
+17
🇪🇸 Celts · Spain
1227
-17
MooseMooch
6:05 Loom
8:48 Feudal Age
9:23 Double-Bit Axe
12:58 Horse Collar
14:50 Fletching
18:45 Wheelbarrow
22:58 Castle Age
21:36 Gold Mining
21:49 Padded Archer Armor
22:19 Bloodlines
22:16 Scale Barding Armor
23:23 Forging
23:03 Crossbowman
23:39 Bodkin Arrow
25:10 Bow Saw
28:33 Chain Barding Armor
36:30 Imperial Age
35:37 Leather Archer Armor
36:17 Stone Mining
36:45 Hand Cart
37:15 Husbandry
37:37 Bracer
38:39 Chemistry
37:04 Light Cavalry
37:46 Arbalester
38:58 Ring Archer Armor
39:45 Thumb Ring
40:17 Plate Barding Armor
41:22 Iron Casting
41:17 Heavy Plow
41:52 Conscription
43:05 Blast Furnace
42:21 Siege Engineers
42:37 Ballistics
43:19 Arquebus
Narue
6:48 Loom
9:26 Feudal Age
9:49 Man-at-Arms
11:06 Double-Bit Axe
19:31 Castle Age
18:46 Gold Mining
19:44 Scale Barding Armor
19:50 Forging
23:11 Horse Collar
27:54 Fletching
31:37 Stone Mining
37:39 Stone Shaft Mining
37:41 Gold Shaft Mining
37:44 Wheelbarrow
41:16 Imperial Age
38:56 Pikeman
39:22 Gambesons
39:50 Heavy Plow
40:09 Hand Cart
40:35 Scale Mail Armor
41:10 Iron Casting
42:00 Bow Saw
42:14 Chain Mail Armor
42:37 Town Watch
42:34 Onager
43:07 Elite Skirmisher
44:57 Padded Archer Armor
44:53 Bodkin Arrow
49:12 Plate Mail Armor
49:43 Blast Furnace
Connection lost

Rejoining the realm…

Still unreachable

The connection could not be restored.

Session expired

The server has moved on; the page needs a fresh start.